 Dungeon Crawl Stone Soup version 0.32-a0-673-g3729bd50f8 (webtiles) character file.

Game seed: 10561129116538584048

6287 croobank the Gouger (level 10, -1/53 HPs)
             Began as a Felid Delver on Mar 10, 2024.
             Was an Initiate of Kikubaaqudgha.
             Engulfed by a steam dragon's steam (10 damage)
             ... on level 7 of the Dungeon on Mar 11, 2024.
             The game lasted 00:53:43 (9503 turns).

croobank the Gouger (Felid Delver)                  Turns: 9503, Time: 00:53:43

Health: -1/53      AC:  2    Str:  8    XL:     10   Next: 63%
Magic:  9/17       EV: 21    Int: 18    God:    Kikubaaqudgha [......]
Gold:   0          SH:  5    Dex: 18    Spells: 12/17 levels left
                                        Lives:  0   Deaths: 4

rFire   . .          .
                       - Unarmed
rCold   . . .        (shield unavailable)
rNeg    . . .        (body armour unavailable)
rPois   .            (helmet unavailable)
rElec   .            (cloak unavailable)
rCorr   .            (gloves unavailable)
SInv    +            (boots unavailable)
Will    +....        i - amulet of reflection
Stlth   +++++        (no ring)
HPRegen 0.28/turn    (no ring)
MPRegen 0.15/turn

%: reflection
@: marked
A: very small, claws 1, fangs 3, see invisible, shaggy fur 2, stealthy paws, no
weapons or thrown items, no armour, multi-lived
a: Renounce Religion


You were on level 7 of the Dungeon.
You worshipped Kikubaaqudgha.
Kikubaaqudgha was noncommittal.
You visited 2 branches of the dungeon, and saw 8 of its levels.

Inventory:

Jewellery
 i - an amulet of reflection (around neck)
Scrolls
 c - a scroll of vulnerability
 d - a scroll of poison
Potions
 a - 2 potions of curing


   Skills:
 + Level 5.9 Fighting
 + Level 7.2 Dodging
 - Level 10.0 Stealth
 - Level 11.8 Unarmed Combat
 + Level 4.0 Spellcasting
 + Level 4.2 Summonings
 + Level 5.5 Ice Magic


You had 12 spell levels left.
You knew the following spells:

 Your Spells              Type           Power      Damage    Failure   Level
b - Call Imp              Summ           36%        N/A       4%          2
c - Ozocubu's Armour      Ice            23%        N/A       4%          3

Your spell library contained the following spells:

 Spells                   Type           Power      Damage    Failure   Level
 Lesser Beckoning         Tloc           6%         N/A       22%         2
 Sublimation of Blood     Necr           3%         N/A       22%         2
 Gell's Gravitas          Tloc           3%         N/A       41%         3
 Teleport Other           Tloc           3%         N/A       41%         3
 Metabolic Englaciation   Hex/Ice        6%         N/A       78%         5
 Ignite Poison            Fire/Alch      3%         N/A       82%         4
 Petrify                  Alch/Erth      3%         N/A       82%         4
 Sticky Flame             Fire/Alch      3%         2d4       82%         4
 Irradiate                Conj/Alch      1%         3d12      99%         5
 Sculpt Simulacrum        Ice/Alch       6%         N/A       100%        6
 Summon Hydra             Summ           9%         N/A       100%        7
 Ignition                 Fire           1%         3d3       100%        8


Dungeon Overview and Level Annotations

Branches:
Dungeon (7/15)             Temple (1/1) D:7

Altars:
Ashenzari
Dithmenos
Elyvilon
Fedhas
Gozag
Hepliaklqana
Kikubaaqudgha
Makhleb
Nemelex Xobeh
Qazlal
Ru
Sif Muna
Trog
Vehumet
Wu Jian
Xom
Yredelemnul
Zin
The Shining One

Shops:
D:4 !   D:5 [

Annotations:
D:5 2 transporters, cforsyth's ghost, novice MDNe
D:6 Maggie
D:7 2 transporters, Maurice; jasper's ghost, novice DrFi


Innate Abilities, Weirdness & Mutations

You have sharp claws.
You have razor-sharp teeth.
You have supernaturally acute eyesight. (SInv)
You are covered in thick fur. (AC +2)
Your paws help you pounce on unaware monsters.
You are incapable of wielding weapons or throwing items.
You cannot wear armour.
You gain extra lives every three experience levels.


Message History

Your cerulean imp hits Pikel from afar with a -3 spear.
Pikel dies!
Kikubaaqudgha accepts your kill.
Maurice zaps a wand.
You resist with almost no effort.
Your Spellcasting skill increases to level 4!
As you read the scroll labelled COIGYCZUAMY, it crumbles to dust.
It is a scroll of amnesia.
Okay, then.
The steam dragon breathes steam at you. The ball of steam misses you.
Unknown command.
Okay, then.
Unknown command.
Your icy armour cracks and falls away as you move.
Maurice zaps a wand.
You resist with almost no effort.
Your cerulean imp is engulfed in a cloud of scalding steam.
Your cerulean imp misses Maurice.
Things that are here:
a +2 whip of electrocution; a +0 robe; the kobold corpse of Pikel You swap places.
You are engulfed in a cloud of scalding steam.
The two-headed ogre hits your cerulean imp with a +0 giant spiked club!!
Your cerulean imp dies!
Your cerulean imp disappears in a puff of smoke!
Casting: Call Imp (safe; 4% risk of failure)
Confirm with . or Enter, or press ? or * to list all spells.
A tiny devil pulls itself out of the air.
You are engulfed in a cloud of scalding steam.
* * * LOW HITPOINT WARNING * * *
An ufetubus comes into view.
Maurice unwields a +0 short sword.
Maurice drops a +0 short sword.
Maurice picks up a +2 whip of electrocution.
Maurice wields a +2 whip of electrocution.
You hear the crackle of electricity.
Maurice takes off a +0 cloak.
Maurice drops a +0 cloak.
Maurice picks up a +0 robe.
Maurice wears a +0 robe.
You swap places.
You are engulfed in a cloud of scalding steam.
You die...
Kikubaaqudgha rasps: You have failed me!
Welcome... death!

..######.#...>...#.#
.## #...........# .
#.#.......#.#
#...........#
#####.#.#.#.#.#.#
#...#...........#
#.§...........##.
###§D.#######.#....
#.@.....# ##.#.##
#5##.##.# #.##
#f##.# .# ## #OF..#
# #.h### #######
#.....> #.....#
#.......##...$.#
5..###.O.......#
#... #.###O....#


You could see Maurice (ally target), a two-headed ogre, a steam dragon, an
ufetubus and a friendly cerulean imp (summoned).

Vanquished Creatures
  Grinder (D:3)
  Sigmund (D:5)
  A steam dragon (D:7)
  Menkaure (D:7)
  2 water moccasins
  2 orc warriors
  A sky beast (D:7)
  3 ice beasts
  A black bear (D:6)
  An ogre (D:5)
  2 centaurs
  A phantom (D:6)
  4 lemures (Temple)
  2 bullfrogs (D:7)
  4 scorpions
  A bombardier beetle (D:4)
  3 hounds
  An orc priest (D:6)
  Crazy Yiuf (D:2)
  A gnoll bouda (D:6)
  A jelly (D:7)
  Terence (D:2)
  2 iguanas
  2 sleepcaps
  An orc wizard (D:3)
  14 gnolls
  2 adders
  A white imp (D:6)
  2 dart slugs (D:3)
  4 ribbon worms
  14 orcs
  3 ball pythons
  A bat (D:2)
  4 endoplasms
  8 giant cockroaches
  27 goblins
  18 hobgoblins
  3 quokkas
  2 frilled lizards
  6 kobolds
  6 rats
156 creatures vanquished.

Vanquished Creatures (collateral kills)
  Pikel (D:7)
  An ogre (D:5)
  A bullfrog (D:6)
  An orc wizard (D:6)
  A gnoll (D:3)
  10 goblins (D:3)
  5 hobgoblins (D:3)
  A kobold (D:3)
21 creatures vanquished.

Grand Total: 177 creatures vanquished

Notes
Turn   | Place    | Note
-------+----------+-------------------------------------------
     0 | D:5      | croobank the Felid Delver began the quest for the Orb.
     0 | D:5      | Reached XP level 1. HP: 12/12 MP: 2/2
    19 | D:6      | Noticed Sigmund
    37 | D:5      | Found Mebaxze Peep's Antique Armour Shop.
   109 | D:4      | Noticed a bombardier beetle
   115 | D:4      | Killed a bombardier beetle
   116 | D:4      | Reached XP level 2. HP: 16/16 MP: 3/3
   116 | D:4      | Reached XP level 3. HP: 20/20 MP: 4/4
   173 | D:4      | Noticed a scorpion
   181 | D:4      | Noticed a scorpion
   344 | D:1      | Found a faded altar of an unknown god.
  1433 | D:2      | Noticed Terence
  1464 | D:2      | HP: 1/20 [Terence/+0 mace (5)]
  1467 | D:2      | Killed Terence
  1468 | D:2      | Reached XP level 4. HP: 1/24 MP: 5/5
  1468 | D:2      | Gained a life (2 lives remaining)
  2530 | D:2      | Found a runed translucent door.
  2531 | D:2      | Noticed Crazy Yiuf
  2538 | D:2      | Killed Crazy Yiuf
  2584 | D:3      | Reached skill level 3 in Unarmed Combat
  2584 | D:3      | Reached XP level 5. HP: 17/29 MP: 6/6
  2722 | D:3      | Noticed Grinder
  2732 | D:3      | HP: 1/29 [rat (3)]
  2732 | D:3      | Slain by Grinder
  2732 | D:3      | Lost a life (1 life remaining)
  2836 | D:4      | Found Jotoyck's Distillery.
  2942 | D:4      | Gained mutation: You are covered in thick fur. (AC +2)
                  | [Felid growth]
  2942 | D:4      | Reached XP level 6. HP: 33/33 MP: 7/7
  3225 | D:4      | Found an opulent altar of Gozag.
  3347 | D:5      | Learned a level 2 spell: Call Imp
  3400 | D:5      | Reached skill level 5 in Dodging
  3806 | D:5      | Found a transporter.
  3808 | D:5      | Found a transporter.
  3808 | D:5      | Noticed cforsyth's ghost (novice MDNe)
  4043 | D:6      | Noticed an ice beast
  4058 | D:5      | Killed Sigmund
  4059 | D:5      | Reached skill level 1 in Spellcasting
  4059 | D:5      | Reached skill level 1 in Summonings
  4059 | D:5      | Reached XP level 7. HP: 38/38 MP: 8/10
  4059 | D:5      | Gained a life (2 lives remaining)
  4096 | D:6      | Slain by an ice beast
  4096 | D:6      | Lost a life (1 life remaining)
  4384 | D:6      | Reached skill level 4 in Unarmed Combat
  4682 | D:3      | Killed Grinder
  5260 | D:3      | Reached XP level 8. HP: 22/42 MP: 10/12
  5302 | D:3      | HP: 2/42 [gnoll/+0 halberd (12)]
  5549 | D:3      | Reached skill level 5 in Fighting
  6343 | D:6      | Learned a level 3 spell: Ozocubu's Armour
  6617 | D:5      | Found a burning altar of Makhleb.
  6689 | D:5      | Reached skill level 1 in Ice Magic
  7665 | D:6      | Reached skill level 5 in Ice Magic
  7748 | D:6      | Noticed Maggie
  7870 | D:7      | Noticed Menkaure
  7881 | D:7      | Killed Menkaure
  7882 | D:7      | Reached XP level 9. HP: 3/47 MP: 8/14
  8232 | D:7      | Killed from afar by a steam dragon
  8232 | D:7      | Lost a life (0 lives remaining)
  8648 | D:7      | Found a transporter.
  8661 | D:7      | Noticed a two-headed ogre
  8662 | D:7      | Found a bloodstained altar of Trog.
  8662 | D:7      | Noticed jasper's ghost (novice DrFi)
  8682 | D:7      | Found a transporter.
  8699 | D:7      | Reached skill level 10 in Stealth
  9009 | D:6      | Reached skill level 11 in Unarmed Combat
  9009 | D:6      | Reached XP level 10. HP: 43/53 MP: 12/16
  9009 | D:6      | Gained a life (1 life remaining)
  9020 | D:6      | Slain by Maggie
  9020 | D:6      | Lost a life (0 lives remaining)
  9063 | D:7      | Noticed Maurice
  9066 | D:7      | Noticed a two-headed ogre
  9068 | D:7      | Paralysed by Maurice for 2 turns
  9069 | D:7      | Maurice stole 505 gold
  9070 | D:7      | Maurice stole a flux talisman
  9211 | D:7      | Found a staircase to the Ecumenical Temple.
  9215 | D:7      | Noticed Pikel
  9229 | Temple   | Entered the Ecumenical Temple
  9286 | Temple   | Became a worshipper of Kikubaaqudgha
  9498 | D:7      | Killed Pikel
  9503 | D:7      | Engulfed by a steam dragon's steam

Illustrated notes

Levels and vault maps discovered:
D:1:      lightli_arrival_quake, layout_basic, ebering_ecumenical_altar_hall
D:2:      layout_basic, minmay_misc_feat_roman, uniq_crazy_yiuf_cottage,
          uniq_terence
D:3:      minmay_goblin_kobold_castle, layout_loops_ring, gup_sewer_entry_bowl,
          uniq_grinder
D:4:      layout_rooms, lemuel_crystal_altar, serial_shops, shop,
          chequers_garden
D:5:      layout_cave_pools, lightli_temple_of_fire, serial_shops, shop,
          gammafunk_ghost_mausoleum
D:6:      layout_basic, gup_ossuary_entry_pyramid, uniq_maggie, uniq_sigmund
D:7:      nzn_winding_woodlands_medium [nzn_winding_woodlands_5x5_default,
          nzn_winding_woodlands_5x15_longhouse, nzn_winding_woodlands_5x5_three,
          nzn_winding_woodlands_5x5_default,
          nzn_winding_woodlands_center_garden,
          nzn_winding_woodlands_5x5_default,
          nzn_winding_woodlands_5x5_open_star,
          nzn_winding_woodlands_5x15_garden, nzn_winding_woodlands_hourglass],
          layout_loops_cross, minmay_temple_entry_glass,
          gammafunk_ghost_wrathful_warriors, roderic_roman_lattice,
          lemuel_flame_loot_1, uniq_menkaure, uniq_maurice, uniq_pikel
Temple:   bh_familiar_temple

Skill      XL: |  1  2  3  4  5  6  7  8  9 10 |
---------------+-------------------------------+-----
Dodging        | 3 4 5 6 7 |  7.2
Stealth        | 7 8 9 10 | 10.0
Unarmed Combat | 3 4 11 | 11.8
Fighting       | 4 5 |  5.9
Spellcasting   | 1 2 3 4 |  4.0
Summonings     | 1 2 3 4 |  4.2
Ice Magic      | 5 |  5.5

Action                     |  1- 3 |  4- 6 |  7- 9 | 10-12 || total
---------------------------+-------+-------+-------+-------++-------
  Melee: Unarmed           |    73 |   187 |   431 |    46 ||   737
         Bite              |    10 |    21 |    65 |     5 ||   101
         Punch             |     2 |     3 |    18 |     3 ||    26
   Cast: Call Imp          |       |     4 |    59 |     8 ||    71
         Ozocubu's Armour  |       |       |    20 |     7 ||    27
  Evoke: Wand              |       |     2 |     1 |       ||     3
    Use: Scroll            |     2 |    12 |     5 |     2 ||    21
         Potion            |     1 |     4 |    10 |     1 ||    16
   Stab: Sleeping          |     9 |     7 |     8 |       ||    24
         Distracted        |       |       |     4 |     1 ||     5
 Armour: Skin              |    15 |    37 |   156 |    20 ||   228
  Dodge: Dodged            |    32 |   127 |   369 |    40 ||   568
  Block: Other             |     5 |    38 |   107 |     6 ||   156
         Reflection        |       |     1 |    10 |       ||    11

Table legend: (Time is in decaauts)
 A = Elapsed time spent in this place.
 B = Non-inter-level travel time spent in this place.
 C = Inter-level travel time spent in this place.
 D = Time resting spent in this place.
 E = Time spent auto-exploring this place.
 F = Levels seen in this place.
 G = Mean time per level.
                   A        B        C        D        E       F      G
               +--------+--------+--------+--------+--------+-----+--------+
         Total |   9401 |   9235 |    166 |   3172 |   3246 |   8 | 1175.1 |
       Dungeon |   9241 |   9075 |    166 |   3105 |   3246 |   7 | 1320.1 |
        Temple |    159 |    159 |      0 |     67 |      0 |   1 |  159.0 |
               +--------+--------+--------+--------+--------+-----+--------+

Top non-repeatable levels by time:
     D:3: 1968 daAuts
     D:6: 1612 daAuts
     D:2: 1420 daAuts
     D:5: 1156 daAuts
     D:7: 1145 daAuts
     D:4: 1029 daAuts
     D:1: 910 daAuts
  Temple: 159 daAuts
